 Dungeon Crawl Stone Soup version 0.20-a0-903-g7e3609c (webtiles) character file.

5679 Aramant the Basher (level 10, -18/63 HPs)
             Began as a Gargoyle Fighter on Mar 15, 2017.
             Was a High Priest of Cheibriados.
             Demolished by an orc warlord
             ... wielding a +0 battleaxe
              (27 damage)
             ... on level 10 of the Dungeon on Mar 20, 2017.
             The game lasted 00:32:30 (7926 turns).

Aramant the Basher (Gargoyle Fighter)               Turns: 7926, Time: 00:32:30

Health: -18/63     AC: 22    Str: 34    XL:     10   Next: 75%
Magic:  19/19      EV: 14    Int: 21    God:    Cheibriados [*****.]
Gold:   657        SH:  0    Dex: 22    Spells: 9/9 levels left

rFire    . . .     SeeInvis .   r - +3 dire flail (crush)
rCold    . . .     Gourm    .   s - +4 scale mail {rPois}
rNeg     + . .     Faith    .   (shield currently unavailable)
rPois    ∞         Spirit   .   v - +1 helmet
rElec    +         Reflect  .   w - +0 cloak
rCorr    +         Harm     .   (no gloves)
MR       .....                  (no boots)
Stlth    ++........             p - amulet of regeneration
Regen    0.6/turn               u - ring of resist corrosion
MPRegen  0.2/turn               e - ring of magical power

@: about to teleport, very slightly contaminated, very slow
A: negative energy resistance 1, electricity resistance, unbreathing,
petrification resistance, rot immunity, AC +7
a: Bend Time, Temporal Distortion, Slouch, Step From Time, Renounce Religion


You were on level 10 of the Dungeon.
You worshipped Cheibriados.
Cheibriados was extremely pleased with you.
You were not hungry.

You visited 2 branches of the dungeon, and saw 10 of its levels.

You collected 657 gold pieces.

Inventory:

Hand Weapons
 a - a +0 flail
 r - a +3 dire flail of crushing (weapon)
Armour
 b - a +1 scale mail
 c - a +0 shield
 s - a +4 scale mail of poison resistance (worn)
 v - a +1 helmet (worn)
 w - a +0 cloak (worn)
Jewellery
 e - a ring of magical power (left hand)
 p - an amulet of regeneration (around neck)
 u - a ring of resist corrosion (right hand)
 y - an uncursed amulet of guardian spirit
Wands
 l - a wand of lightning (2/15)
 q - a wand of polymorph (4/24)
Scrolls
 d - a scroll of blinking
 i - 2 scrolls of magic mapping
 k - a scroll of teleportation
 o - 3 scrolls of remove curse
 t - a scroll of enchant armour
 C - a scroll of immolation
Potions
 g - 2 potions of agility
 m - a potion of flight
 x - a potion of cancellation
 z - 2 potions of brilliance {unknown}
 A - a potion of magic {unknown}
Comestibles
 f - 6 bread rations
 h - 6 royal jellies
 j - 3 fruits
 n - 2 meat rations


   Skills:
 + Level 7.1 Fighting
 + Level 10.6 Maces & Flails
 + Level 7.3 Armour
 + Level 4.4 Dodging
 + Level 3.4 Stealth
 + Level 6.5 Shields
 + Level 0.5 Evocations


You had 9 spell levels left.
You didn't know any spells.

Dungeon Overview and Level Annotations

Branches:
Dungeon (10/15)            Temple (0/1) D:6             Orc (1/2) D:10
   Lair: D:8-11

Altars:
Cheibriados
Dithmenos
Gozag
Makhleb
Okawaru
Qazlal
Sif Muna
Uskayaw
Yredelemnul
Zin
The Shining One

Annotations:
D:5 Prince Ribbit


Innate Abilities, Weirdness & Mutations

You are resistant to torment.
Your stone body is resilient. (AC +7)
You are immune to poison.
You resist negative energy. (rN+)
You are resistant to electric shocks. (rElec)
You can survive without breathing.
You are immune to petrification.
You are immune to rotting.


Message History

You are very lightly contaminated with residual magic.
As you read the scroll of blinking, it crumbles to dust.
A centaur comes into view.
Found a scroll of enchant armour.
The ogre shouts!
The orc warlord roars a battlecry!
You see here a scroll of enchant armour.
t - a scroll of enchant armour The orc throws a tomahawk of returning.
The tomahawk of returning closely misses you.
The weapon returns to the orc!
The orc warlord roars a battlecry!
The orc warlord barely misses you. The ogre closely misses you.
The orc warlord hits you with a battleaxe!!
* * * LOW HITPOINT WARNING * * *
As you read the scroll of teleportation, it crumbles to dust.
You feel strangely unstable.
The orc no longer looks unusually strong.
The orc warlord hits you with a battleaxe!!
You die...

.... #...o......... ..........#
.... #............. ..........#
§≈... #.o........... .........#
§.....#.......#+#### #.......#
§.§...#.......#....+ #.......#
≈≈≈≈..'.'######....# #.......#
......#.......c....# #.......#
.c....#......ooO...# #.......#
§≈... #......##@..######.......#
..... #......##...#............#
.... #########...#............+
.... #...........#............#
########...........#....<.......#
#..................#............#
#..................#............#
###..##...##..##.#..............#
###..##...###+##.######......####


You could see an orc warlord, an ogre, a centaur and an orc.

Vanquished Creatures
  A two-headed ogre (D:8)
  A troll (Orc:1)
  Grinder (D:5)
  A hippogriff (D:7)
  A spriggan (D:7)
  A wraith (D:10)
  The ghost of Angani the Skirmisher, an amateur OpTm (D:3)
  A warg (Orc:1)
  Edmund (D:4)
  3 orc warriors
  4 phantoms
  A black bear (D:7)
  3 centaurs
  3 ogres
  5 big kobolds (D:3)
  7 bullfrogs
  A wyvern skeleton (D:8)
  A scorpion (D:5)
  4 killer bees (D:10)
  5 wights (D:6)
  A bullfrog zombie (D:7)
  A howler monkey (D:5)
  A crimson imp (D:5)
  A centaur zombie (D:8)
  2 centaur skeletons (D:4)
  4 hounds
  6 orc priests
  Crazy Yiuf (D:5)
  A bullfrog skeleton (D:4)
  A jelly (D:5)
  9 orc wizards
  6 worker ants
  A killer bee zombie (D:5)
  A howler monkey zombie (D:4)
  A worker ant zombie (D:5)
  6 gnolls (D:3)
  11 adders
  A howler monkey skeleton (D:7)
  A shadow imp (D:6)
  An ooze (D:4)
  5 worms
  2 dart slugs
  34 orcs
  5 giant cockroaches
  8 goblins
  14 hobgoblins
  12 jackals
  2 quokkas
  3 ball pythons
  16 bats
  4 frilled lizards
  54 kobolds
  6 rats
268 creatures vanquished.

Vanquished Creatures (others)
  A two-headed ogre (D:8)
  A centaur (D:8)
  A scorpion (D:8)
  A leopard gecko (D:8)
  A jackal (D:8)
5 creatures vanquished.

Grand Total: 273 creatures vanquished

Notes
Turn   | Place    | Note
-------+----------+-------------------------------------------
     0 | D:1      | Aramant the Gargoyle Fighter began the quest for the Orb.
     0 | D:1      | Reached XP level 1. HP: 14/14 MP: 1/1
     0 | D:1      | Upgraded the game from 0.20-a0-876-g2c7b0bf to 0.20-a0-903-g7e3609c
   195 | D:1      | Reached XP level 2. HP: 19/19 MP: 2/2
   627 | D:2      | Reached XP level 3. HP: 20/24 MP: 3/3
   760 | D:2      | Found a basalt altar of Yredelemnul.
  1084 | D:2      | Reached XP level 4. HP: 29/29 MP: 4/4
  1299 | D:3      | Noticed Angani's ghost (amateur OpTm)
  1317 | D:3      | Killed Angani's ghost
  1317 | D:3      | Reached skill level 3 in Maces & Flails
  1317 | D:3      | Reached skill level 1 in Dodging
  1317 | D:3      | Reached XP level 5. HP: 30/33 MP: 5/5
  1523 | D:3      | Reached XP level 6. HP: 37/38 MP: 6/6
  1833 | D:3      | Reached skill level 4 in Maces & Flails
  1915 | D:3      | Reached skill level 5 in Shields
  1984 | D:3      | Reached XP level 7. HP: 36/43 MP: 7/7
  2904 | D:3      | Reached skill level 5 in Maces & Flails
  3075 | D:3      | Found a faded altar of an unknown god.
  3075 | D:3      | Found a faded altar of an unknown god.
  3080 | D:3      | Found a deep blue altar of Sif Muna.
  3086 | D:3      | Found a shadowy altar of Dithmenos.
  3087 | D:3      | Found a glowing silver altar of Zin.
  3108 | D:3      | Became a worshipper of Cheibriados the Contemplative
  3108 | D:3      | Reached * piety under Cheibriados
  3224 | D:3      | Reached skill level 1 in Stealth
  3351 | D:3      | Found a glowing golden altar of the Shining One.
  3565 | D:3      | Reached ** piety under Cheibriados
  3745 | D:3      | Reached XP level 8. HP: 47/48 MP: 8/8
  4105 | D:4      | Noticed Edmund
  4137 | D:4      | Killed Edmund
  4681 | D:4      | Reached skill level 6 in Maces & Flails
  4823 | D:4      | Found a hide-covered altar of Uskayaw.
  4880 | D:4      | Reached skill level 5 in Armour
  4906 | D:4      | Found an iron altar of Okawaru.
  4984 | D:4      | Reached skill level 5 in Fighting
  5150 | D:5      | Entered Level 5 of the Dungeon
  5165 | D:5      | Reached *** piety under Cheibriados
  5237 | D:5      | Reached skill level 7 in Maces & Flails
  5546 | D:5      | Reached XP level 9. HP: 52/54 MP: 9/9
  5550 | D:5      | Noticed Prince Ribbit
  5600 | D:5      | Found a stormy altar of Qazlal.
  5675 | D:5      | Found a runed door.
  5726 | D:5      | Noticed Grinder
  5729 | D:5      | Paralysed by Grinder for 2 turns
  5735 | D:5      | Killed Grinder
  5850 | D:5      | Noticed Crazy Yiuf
  5854 | D:5      | Killed Crazy Yiuf
  5924 | D:6      | Found an opulent altar of Gozag.
  5991 | D:6      | Found a staircase to the Ecumenical Temple.
  6095 | D:6      | Reached skill level 8 in Maces & Flails
  6457 | D:7      | Reached **** piety under Cheibriados
  6742 | D:7      | Reached skill level 9 in Maces & Flails
  6773 | D:7      | Found a burning altar of Makhleb.
  6975 | D:7      | Reached XP level 10. HP: 54/60 MP: 10/10
  6983 | D:7      | You fall through a shaft!
  7079 | D:8      | Noticed a two-headed ogre
  7087 | D:8      | Killed a two-headed ogre
  7087 | D:8      | Reached skill level 10 in Maces & Flails
  7144 | D:8      | Killed a two-headed ogre
  7207 | D:8      | You fall through a shaft for 2 floors!
  7207 | D:10     | Entered Level 10 of the Dungeon
  7342 | D:10     | Reached ***** piety under Cheibriados
  7491 | D:10     | Found a staircase to the Orcish Mines.
  7536 | Orc:1    | Entered Level 1 of the Orcish Mines
  7885 | Orc:1    | Noticed an orc warlord
  7926 | D:10     | Demolished by an orc warlord

Vault maps used:
D:1:      dpeg_arrival_ternary, minmay_misc_feat_secret_circle
D:2:      yredelemnul_altar_generic, minmay_pentomino_w2
D:3:      minmay_goblin_kobold_castle, tso_altar,
          chequers_temple_overflow_minitemple
D:4:      kennysheep_mini, overflow_temple_1_default, hex_medium, uniq_edmund
D:5:      grunt_qazlal_clouds, first_bread, serial_park_tiny_1,
          uniq_prince_ribbit1, uniq_crazy_yiuf_cottage, uniq_grinder
D:6:      minmay_temple_entry_junction, nicolae_gozag_seed_capital
D:7:      lemuel_doored_altar, kennysheep_decorative_pillar, the_bakery
D:8:      nicolae_ru_the_path_less_chosen, xom_confusion_cloud, uniq_psyche
D:10:     orc_0_dummy, kennysheep_generic_room_16
Orc:1:    nicolae_orc_rockfall

Skill      XL: |  1  2  3  4  5  6  7  8  9 10 |
---------------+-------------------------------+-----
Fighting       | 4 5 6 7 |  7.1
Maces & Flails | 3 4 5 7 9 10 | 10.6
Dodging        | 1 2 3 4 |  4.4
Shields        | 4 5 6 |  6.5
Armour         | 4 5 6 7 |  7.3
Stealth        | 1 2 3 |  3.4
Evocations     | |  0.5

Action                   |  1- 3 |  4- 6 |  7- 9 | 10-12 || total
-------------------------+-------+-------+-------+-------++-------
Melee: Flail             |   102 |   265 |   302 |       ||   669
       Dire flail        |       |       |   229 |   138 ||   367
Invok: Bend Time         |       |       |       |     2 ||     2
Evoke: Wand              |       |       |       |     4 ||     4
  Use: Scroll            |     4 |     7 |     8 |     4 ||    23
       Potion            |       |     1 |     3 |     2 ||     6
 Stab: Distracted        |       |       |     1 |       ||     1
       Sleeping          |       |       |       |     1 ||     1
  Eat: Bread ration      |     1 |       |     3 |       ||     4
Armor: Scale mail        |    73 |   203 |   367 |   106 ||   749
       Skin              |       |       |    80 |       ||    80
Dodge: Dodged            |    36 |   142 |   349 |   164 ||   691
Block: Shield            |    77 |   237 |   342 |       ||   656
